 Dungeon Crawl Stone Soup version 0.28-a0-984-g3775c662fe (webtiles) character file.

Game seed: 7559281519101039614

3854 demibob the Spear-Bearer (level 9, 66/66 HPs)
             Began as a Demonspawn Gladiator on Dec 3, 2021.
             Was an Initiate of Nemelex Xobeh.
             Quit the game on level 8 of the Dungeon.
             The game lasted 00:15:22 (9386 turns).

demibob the Spear-Bearer (Demonspawn Gladiator)     Turns: 9386, Time: 00:15:23

Health: 66/66      AC: 12    Str: 14 (17) XL:     9   Next: 99%
Magic:  11/11      EV: 15    Int:  9 (10) God:    Nemelex Xobeh [......]
Gold:   1213       SH:  0    Dex: 13 (16) Spells: 8/8 levels left

rFire   . . .      SeeInvis +   p - +5 spear (venom)
rCold   . . .      Faith    .   (no shield)
rNeg    . . .      Spirit   .   d - +1 ring mail {Will+}
rPois   .          Reflect  .   (helmet restricted)
rElec   .          Harm     .   (no cloak)
rCorr   .          Rampage  .   (no gloves)
Will    +....                   (no boots)
Stlth   ++........              j - amulet of regeneration
HPRegen 1.01/turn               T - +4 ring of protection
MPRegen 0.12/turn               E - +4 ring of evasion

@: no status effects
A: antennae 2, rugged brown scales 2, powered by pain 1, camouflage 1, see
invisible, mutation resistance 1
a: Renounce Religion, Draw Escape, Draw Destruction, Draw Summoning


You were on level 8 of the Dungeon.
You worshipped Nemelex Xobeh.
Nemelex Xobeh was noncommittal.
You visited 2 branches of the dungeon, and saw 9 of its levels.
You also visited: Bailey.

You collected 1579 gold pieces.
You spent 366 gold pieces at shops.


Innate Abilities, Weirdness & Mutations

You have a pair of antennae on your head.
You are mostly covered in rugged brown scales. (AC +2, +5% HP)
You sometimes gain a little power by taking damage.
Your skin changes colour to match your surroundings (Stealth+).
You have supernaturally acute eyesight. (SInv)
You are somewhat resistant to further mutation.


   Skills:
 + Level 3.1 Fighting
 - Level 12.8 Polearms
 - Level 1.7 Throwing
 + Level 3.5 Dodging
 + Level 2.9 Invocations


You had 8 spell levels left.
You didn't know any spells.
Your spell library contained the following spells:

 Spells                   Type           Power      Damage    Failure   Level
 Sandblast                Erth           0%         2d4       63%         1
 Passwall                 Tmut/Erth      0%         N/A       77%         2
 Static Discharge         Conj/Air       0%         N/A       77%         2
 Stone Arrow              Conj/Erth      0%         3d7       94%         3
 Swiftness                Air            0%         N/A       94%         3
 Dispel Undead            Necr           0%         3d6       100%        4
 Sticky Flame             Conj/Fire      0%         2d3       100%        4

Inventory:

Hand Weapons
 a - a +1 trident of venom
 p - a +5 spear of venom (weapon)
 r - a +1 glaive of flaming
Missiles
 h - 9 poisoned darts (quivered)
Armour
 d - a +1 ring mail of willpower (worn)
Jewellery
 g - an amulet of guardian spirit
 j - an amulet of regeneration (around neck)
 z - a ring of wizardry
 E - a +4 ring of evasion (right hand)
 T - a +4 ring of protection (left hand)
 Z - a ring of wizardry
Wands
 e - a wand of polymorph (4)
 k - a wand of iceblast (6)
Scrolls
 b - a scroll of brand weapon
 i - 2 scrolls of magic mapping
 l - 4 scrolls of enchant armour
Potions
 c - a potion of cancellation
 n - a potion of invisibility
 q - a potion of curing {@q1}

Dungeon Overview and Level Annotations

Branches:
Dungeon (8/15)             Temple (1/1) D:4          Bailey (visited)
   Lair: D:8-11

Altars:
Ashenzari
Cheibriados
Dithmenos
Elyvilon
Fedhas
Gozag
Kikubaaqudgha
Makhleb
Nemelex Xobeh
Okawaru
Qazlal
Ru
Sif Muna
Uskayaw
Vehumet
Wu Jian
Xom
Yredelemnul
Zin
The Shining One

Shops:
D:2 *!

Portals:
Abyss: D:4

Annotations:
D:3 1 runed translucent door, Crazy Yiuf
D:4 2 transporters, McGhostyFace's ghost, amateur GnDe
D:6 1 runed translucent door, DunceCap's ghost, novice PaFi

*,,,,,,,,.....####...............
,,,,,,,,,.................####^##
*,,,***,,.....####.###.#..#,,....
,,,,* *,,.....* #.# #....#{,....
*,,,* *,,.....####.###....#,,....
*,,,*****.......((..##....#,,,⚑..
,,,,,,,,*.....≈≈(≈≈.##....#,,,,,.
*,,,,,,,*...#.≈...≈.##.##.#,,,,,,
*,,,,,,,*.....≈>@.≈.....,.#,,,,,,
,,,,,,,,,.....≈...≈.....,,****^**
,,,**,,,*##.#.≈≈≈≈≈......,^,,,,,,
,,,****,* #,#............,,,,,,,,
,,,,,,,,***,#####........,,,,,,,,
,,**,,,,,,,,,,,,,....#.#***,,,,,,
,,**,<,,,,,,,,,,,....#..,,,,,,,,,
,,**,,,,,,,,,,,**▒...#,****,,,,,,
,,**,,,,,,,,,,**⌠**,,,,* *,,,,,,


There were no monsters in sight!


Message History

4 boomerangs; a kobold corpse It was a potion of magic.
Magic courses through your body.
It was a potion of degeneration.
There was something very wrong with that liquid.
You feel weakened.
You feel dopey.
You feel clumsy.
Okay, then.
Okay, then.
Unknown command.
Why would you want to do that? Why would you want to do that?
Why would you want to do that? Why would you want to do that?
Why would you want to do that? Why would you want to do that?
Why would you want to do that?
Things that are here:
4 boomerangs; a kobold corpse
Things that are here:
4 boomerangs; a kobold corpse You see here 4 boomerangs.
Why would you want to do that?
Okay, then.
Okay, then.
Use which ability? (? or * to list)
Okay, then.
There is a gate leading back out of this place here.
Welcome back to the Dungeon!
There is an empty arch of ancient stone here.
Unknown command.
Are you sure you want to abandon this character and quit the game? (Confirm with "yes".)

Skill      XL: |  1  2  3  4  5  6  7  8  9 |
---------------+----------------------------+-----
Polearms       | 3 4 5 6 7 9 11 12 | 12.8
Invocations    | 2 |  2.9
Dodging        | 3 |  3.5
Fighting       | 3 |  3.1
Throwing       | |  1.7

Action                   |  1- 3 |  4- 6 |  7- 9 || total
-------------------------+-------+-------+-------++-------
Melee: Trident           |   143 |    97 |   444 ||   684
       Spear             |       |       |    83 ||    83
Throw: Throwing net      |       |     3 |       ||     3
Evoke: Wand              |       |       |     7 ||     7
  Use: Scroll            |     4 |     3 |     9 ||    16
       Potion            |       |     2 |    13 ||    15
 Stab: Held in net/web   |       |     2 |       ||     2
       Invisible         |       |       |     4 ||     4
Armor: Leather armour    |    57 |    25 |    13 ||    95
       Skin              |       |       |    10 ||    10
       Ring mail         |       |       |   111 ||   111
Dodge: Dodged            |   108 |    27 |   218 ||   353

Levels and vault maps discovered:
D:1:      mrwooster_arrival_arrow, layout_loops_ring
D:2:      layout_basic, serial_shops, nicolae_diamond_shop, shop,
          serial_bayou_crossing
D:3:      layout_loops_ring, nicolae_ecumenical_pavilion, serial_park_tiny_2,
          bh_walls_and_bars, uniq_crazy_yiuf_cottage
D:4:      layout_loops_cross, minmay_temple_entry_statues,
          gammafunk_ghost_abyssal_escape, uniq_duvessa, uniq_edmund,
          uniq_grinder
D:5:      layout_cave_pods, fedhas_ov_isle_minmay, serial_glass,
          glass_columns_a, glass_columns_a, amethyst_killhole, uniq_sigmund
D:6:      layout_basic, grunt_temple_overflow_opulence, ebering_ghost_xom,
          chequers_avenue, uniq_blork_the_orc, uniq_pikel, uniq_menkaure
D:7:      layout_gridville, lemuel_blue_sif_altar,
          eat_drink_and_be_merry_uskayaw, uniq_maggie
D:8:      layout_basic, lemuel_tele_altar, hellmonk_ghost_happy_afterlife,
          enter_bailey_5
Temple:   dshaligram_water_room_temple

Notes
Turn   | Place    | Note
-------+----------+-------------------------------------------
     0 | D:1      | demibob the Demonspawn Gladiator began the quest for the
                  | Orb.
     0 | D:1      | Reached XP level 1. HP: 16/16 MP: 1/1
   214 | D:1      | Reached skill level 3 in Polearms
   423 | D:1      | Gained mutation: You sometimes gain a little power by
                  | taking damage. [demonic ancestry]
   423 | D:1      | Reached XP level 2. HP: 22/22 MP: 2/2
  1107 | D:2      | Gained mutation: You have a pair of small antennae on your
                  | head. [demonic ancestry]
  1107 | D:2      | Reached XP level 3. HP: 27/27 MP: 3/3
  1158 | D:2      | Reached skill level 4 in Polearms
  1573 | D:2      | Found Ukacul's General Store.
  1612 | D:2      | Found Amall's Distillery.
  1619 | D:2      | Bought a potion of curing for 30 gold pieces
  1967 | D:3      | Found a faded altar of an unknown god.
  2004 | D:3      | Gained mutation: You are partially covered in rugged brown
                  | scales. (AC +1, +3% HP) [demonic ancestry]
  2004 | D:3      | Reached XP level 4. HP: 13/33 MP: 4/4
  2721 | D:3      | Found a runed translucent door.
  2722 | D:3      | Noticed Crazy Yiuf
  2813 | D:3      | Noticed a scorpion
  2821 | D:3      | Killed a scorpion
  2822 | D:3      | Reached skill level 5 in Polearms
  2822 | D:3      | Gained mutation: You are mostly covered in rugged brown
                  | scales. (AC +2, +5% HP) [demonic ancestry]
  2822 | D:3      | Reached XP level 5. HP: 33/39 MP: 5/5
  3170 | D:4      | Noticed an ogre
  3174 | D:4      | Noticed Duvessa
  3226 | D:4      | Noticed Grinder
  3235 | D:3      | Paralysed by Grinder for 4 turns
  3240 | D:3      | Paralysed by Grinder for 4 turns
  3248 | D:3      | Paralysed by Grinder for 2 turns
  3250 | D:3      | Killed Grinder
  3251 | D:3      | Reached skill level 6 in Polearms
  3251 | D:3      | Reached XP level 6. HP: 5/46 MP: 0/6
  3534 | D:4      | Noticed Dowan
  3668 | D:4      | Found a staircase to the Ecumenical Temple.
  3729 | D:4      | Reached skill level 7 in Polearms
  3846 | D:4      | Reached XP level 7. HP: 46/52 MP: 4/7
  3997 | D:4      | Found a one-way gate to the infinite horrors of the Abyss.
  3997 | D:4      | Noticed McGhostyFace's ghost (amateur GnDe)
  4050 | D:4      | Found a transporter.
  4052 | D:4      | Found a transporter.
  4118 | D:4      | Killed Duvessa
  4124 | D:4      | Killed Dowan
  4125 | D:4      | Reached skill level 8 in Polearms
  4162 | D:4      | Noticed Edmund
  4354 | D:4      | Killed Edmund
  4816 | Temple   | Entered the Ecumenical Temple
  4988 | D:5      | Entered Level 5 of the Dungeon
  5055 | D:5      | Noticed Sigmund
  5061 | D:5      | Killed Sigmund
  5062 | D:5      | Reached skill level 9 in Polearms
  5062 | D:5      | Gained mutation: You have a pair of antennae on your head.
                  | [demonic ancestry]
  5062 | D:5      | Reached XP level 8. HP: 54/58 MP: 8/8
  5321 | D:5      | Found a blossoming altar of Fedhas.
  5672 | D:5      | Reached skill level 10 in Polearms
  5724 | D:5      | Identified a potion of resistance
  6469 | D:5      | HP: 5/58 [yak (3)]
  6472 | D:5      | Reached skill level 11 in Polearms
  6472 | D:5      | Reached XP level 9. HP: 3/64 MP: 0/9
  6884 | D:6      | Noticed Pikel
  7114 | D:6      | Gained mutation: You are weak. (Str -2) [potion of
                  | mutation]
  7114 | D:6      | Gained mutation: You have supernaturally acute eyesight.
                  | (SInv) [potion of mutation]
  7115 | D:6      | Lost mutation: You are weak. (Str -2) [potion of mutation]
  7115 | D:6      | Gained mutation: Armour fits poorly on your strangely
                  | shaped body. [potion of mutation]
  7115 | D:6      | Gained mutation: Your system is resistant to poisons.
                  | (rPois) [potion of mutation]
  7115 | D:6      | Gained mutation: Your skin changes colour to match your
                  | surroundings (Stealth+). [potion of mutation]
  7116 | D:6      | Lost mutation: Armour fits poorly on your strangely shaped
                  | body. [potion of mutation]
  7116 | D:6      | Lost mutation: Your system is resistant to poisons. (rPois)
                  | [potion of mutation]
  7116 | D:6      | Gained mutation: You are somewhat resistant to further
                  | mutation. [potion of mutation]
  7217 | D:6      | Killed Pikel
  7309 | D:6      | Reached skill level 12 in Polearms
  7482 | D:6      | You fall into a shaft and drop 1 floor!
  7682 | D:7      | Found a shimmering blue altar of Sif Muna.
  8000 | D:6      | Found a runed translucent door.
  8001 | D:6      | Found a shimmering altar of Xom.
  8001 | D:6      | Noticed a +2 dagger of chaos
  8001 | D:6      | Noticed DunceCap's ghost (novice PaFi)
  8226 | D:6      | Noticed Blork the orc
  8235 | D:6      | Killed Blork the orc
  8281 | D:6      | Noticed Menkaure
  8309 | D:6      | Killed Menkaure
  8358 | D:6      | Found a sparkling altar of Nemelex Xobeh.
  8364 | D:6      | Found an opulent altar of Gozag.
  8370 | D:6      | Became a worshipper of Nemelex Xobeh the Trickster
  8539 | D:2      | Bought a +5 spear of venom for 336 gold pieces
  8658 | D:7      | Found a hide-covered altar of Uskayaw.
  8698 | D:7      | Reached skill level 1 in Invocations
  9068 | D:7      | Noticed Maggie
  9077 | D:7      | Killed Maggie
  9078 | D:7      | Reached skill level 3 in Dodging
  9078 | D:7      | Reached skill level 2 in Invocations
  9171 | D:8      | Found a snail-covered altar of Cheibriados.
  9181 | D:8      | Found a flagged portal.
  9198 | Bailey   | Entered a bailey
  9203 | Bailey   | Noticed an orc warlord
  9279 | Bailey   | Reached skill level 3 in Fighting
  9298 | Bailey   | Found a runed translucent gate.
  9300 | Bailey   | Found a runed translucent gate.
  9302 | Bailey   | Found a runed translucent gate.
  9342 | Bailey   | Identified a scroll of acquirement
  9343 | Bailey   | Acquired 1107 gold pieces
  9386 | D:8      | Quit the game

Vanquished Creatures
  Pikel (D:6)
  Maggie (D:7)
  Grinder (D:3)
  4 yaks
  Sigmund (D:5)
  Menkaure (D:6)
  Edmund (D:4)
  Duvessa (D:4)
  A water moccasin (D:7)
  2 orc warriors (Bailey)
  An ice beast (D:6)
  A necrophage (D:4)
  A sky beast (D:5)
  2 ogres
  4 lemures (D:6)
  A phantom (D:6)
  Blork the orc (D:6)
  2 kobold brigands (D:7)
  A scorpion (D:3)
  A wyvern zombie (D:6)
  A gnoll sergeant (D:5)
  A water moccasin zombie (D:5)
  Dowan (D:4)
  A centaur zombie (D:7)
  7 hounds
  A jelly (D:5)
  A centaur skeleton (D:5)
  3 iguanas
  A hound skeleton (D:5)
  4 gnolls
  7 adders
  A white imp (D:7)
  2 adder skeletons (D:4)
  A worm (D:3)
  3 dart slugs
  10 orcs
  6 bats
  2 endoplasms
  3 giant cockroaches
  12 goblins
  6 hobgoblins
  16 jackals
  21 kobolds
  7 ball pythons
  3 frilled lizards
  3 rats
153 creatures vanquished.

Table legend: (Time is in decaauts)
 A = Elapsed time spent in this place.
 B = Non-inter-level travel time spent in this place.
 C = Inter-level travel time spent in this place.
 D = Time resting spent in this place.
 E = Time spent auto-exploring this place.
 F = Levels seen in this place.
 G = Mean time per level.
                   A        B        C        D        E       F      G
               +--------+--------+--------+--------+--------+-----+--------+
         Total |   9282 |   8733 |    549 |   1825 |   5297 |  10 |  928.2 |
       Dungeon |   8995 |   8447 |    548 |   1825 |   5221 |   8 | 1124.4 |
        Temple |    128 |    128 |      0 |      0 |     60 |   1 |  128.0 |
        Bailey |    157 |    157 |      0 |      0 |     16 |   1 |  157.0 |
               +--------+--------+--------+--------+--------+-----+--------+

Top non-repeatable levels by time:
     D:5: 1739 daAuts
     D:3: 1712 daAuts
     D:4: 1527 daAuts
     D:6: 1155 daAuts
     D:2: 1124 daAuts
     D:1: 907 daAuts
     D:7: 797 daAuts
  Bailey: 157 daAuts
  Temple: 128 daAuts
     D:8: 31 daAuts

Table legend:
 A = Non-vault XP
 B = Vault XP
 C = Vault XP percentage of total XP
 D = Non-vault monster count
 E = Vault monster count
 F = Vault count percentage of total count
                 A         B        C        D         E       F
            +---------+---------+-------+---------+---------+-------
      Total |    3087 |    2419 |  43.9 |     115 |      34 |  22.8
            +---------+---------+-------+---------+---------+-------
        D:1 |      32 |       0 |   0.0 |      18 |       0 |   0.0
        D:2 |      55 |       0 |   0.0 |      17 |       0 |   0.0
        D:3 |     209 |     272 |  56.5 |      23 |       1 |   4.2
        D:4 |     530 |     381 |  41.8 |      10 |       3 |  23.1
        D:5 |    1197 |     212 |  15.0 |      19 |       1 |   5.0
        D:6 |     621 |     855 |  57.9 |      15 |       3 |  16.7
        D:7 |     443 |     379 |  46.1 |      13 |       1 |   7.1
        D:8 |       0 |       8 | 100.0 |       0 |       4 | 100.0
     Bailey |       0 |     312 | 100.0 |       0 |      21 | 100.0
            +---------+---------+-------+---------+---------+-------
